 Dungeon Crawl Stone Soup version 0.19-a0-1933-g052ff51 (webtiles) character file.

54572 Grim the Spear-Bearer (level 14, -17/198 HPs)
             Began as a Minotaur Berserker on Oct 25, 2016.
             Was a High Priest of Trog.
             Demolished by a dire elephant (22 damage)
             ... on level 6 of the Lair of Beasts on Oct 26, 2016.
             The game lasted 01:06:58 (26098 turns).

Grim the Spear-Bearer (Minotaur Berserker)         Turns: 26098, Time: 01:06:58

Health: -17/198    AC: 21    Str: 27    XL:     14   Next: 35%
Magic:  7/7        EV: 10    Int:  5    God:    Trog [*****.]
Gold:   1641       SH:  0    Dex: 14    Spells: 0 memorised, 13 levels left

rFire  + + +     SeeInvis +     d - +4 halberd (antimagic)
rCold  + . .     Gourm    .     v - +1 crystal plate armour
rNeg   . . .     Faith    .     (shield currently unavailable)
rPois  .         Spirit   .     (helmet restricted)
rElec  .         Reflect  .     p - +2 cloak {+Inv}
rCorr  .         Harm     .     W - +0 pair of gloves "Lenext" {*Drain +Inv rF+++ rC+}
MR     +....                    Q - +0 pair of boots
Stlth  ..........               (no amulet)
                                w - ring of see invisible
                                t - +2 ring of slaying

@: berserking, very quick
A: retaliatory headbutt, horns 2
a: Berserk, Trog's Hand, Brothers in Arms, Burn Spellbooks, Renounce Religion,
Evoke Invisibility


You were on level 6 of the Lair of Beasts.
You worshipped Trog.
Trog was extremely pleased with you.
You were not hungry.

You visited 2 branches of the dungeon, and saw 18 of its levels.
You also visited: Labyrinth, Ossuary and Ice Cave.

You collected 1641 gold pieces.

Inventory:

Hand Weapons
 d - a +4 antimagic halberd (weapon)
 g - a +2 antimagic bardiche
 M - a +2 bardiche of chopping
 Z - a +1 antimagic glaive
Missiles
 u - 3 poisoned javelins
 B - 2 throwing nets (quivered)
 R - 7 javelins of penetration
 T - 7 exploding tomahawks
Armour
 p - a +2 cloak of invisibility (worn)
 v - a +1 crystal plate armour (worn)
 Q - a +0 pair of boots (worn)
 W - the +0 pair of gloves "Lenext" (worn) {*Drain +Inv rF+++ rC+}
   (You found it in a labyrinth)

   It renders you almost immune to fire.
   It protects you from cold.
   It lets you turn invisible.
   It causes draining when unequipped.
Jewellery
 n - an uncursed ring of positive energy
 t - a +2 ring of slaying (left hand)
 w - a ring of see invisible (right hand)
Wands
 K - a wand of teleportation (8/9)
 O - a wand of confusion (33/48)
 X - a wand of teleportation (9/9)
 Y - a wand of hasting (9/9)
Scrolls
 e - a scroll of noise {unknown}
 i - 4 scrolls of immolation
 j - 6 scrolls of teleportation
 l - 7 scrolls of fog
 m - a scroll of enchant armour
 q - 4 scrolls of remove curse
 s - 3 scrolls of fear
 y - a scroll of brand weapon {unknown}
 z - 2 scrolls of magic mapping
 A - 6 scrolls of enchant weapon
 C - 3 scrolls of blinking {unknown}
 I - 2 scrolls of vulnerability {unknown}
 L - 2 scrolls of silence
 S - a scroll of holy word {unknown}
Potions
 a - a potion of invisibility
 b - 6 potions of haste
 h - 14 potions of curing
 k - a potion of experience {unknown}
 o - 3 potions of berserk rage
 x - a potion of beneficial mutation {unknown}
 D - a potion of cancellation {unknown}
 E - 4 potions of agility
 F - 5 potions of heal wounds
 G - 3 potions of brilliance
 H - a potion of flight {unknown}
 J - 4 potions of cure mutation {!q}
 N - a potion of might {unknown}
 P - a potion of resistance {unknown}
Miscellaneous
 V - a fan of gales
Comestibles
 c - 7 bread rations
 f - 7 meat rations
 r - 9 slices of pizza
 U - 13 fruits


   Skills:
 - Level 14.1 Fighting
 - Level 14.6 Polearms
 - Level 2.4 Armour
 * Level 12.1 Dodging
 + Level 13.7 Evocations


You had 13 spell levels left.
You didn't know any spells.

Dungeon Overview and Level Annotations

Branches:
Dungeon (12/15)            Temple (0/1) D:4            Lair (6/6) D:8
 Shoals (0/4) Lair:2       Spider (0/4) Lair:4        Slime (0/5) Lair:6
    Orc (0/2) D:9

Altars:
Ashenzari
Cheibriados
Dithmenos
Elyvilon
Gozag
Ru
Sif Muna
Uskayaw
Yredelemnul
Zin
The Shining One
Jiyva

Shops:
D:9 *


Innate Abilities, Weirdness & Mutations

You reflexively headbutt those who attack you in melee.
You have a pair of horns on your head.


Message History

The dire elephant tramples you!!
* * * LOW HITPOINT WARNING * * *
You hold your ground!
The dire elephant trunk-slaps you.
* * * LOW HITPOINT WARNING * * *
Your crystal plate armour prevents you from hitting the dire elephant.
The dire elephant is lightly wounded.
You hit the dire elephant. You headbutt the dire elephant!
The dire elephant is lightly wounded.
The dire elephant tramples you!!
* * * LOW HITPOINT WARNING * * *
You hold your ground!
The dire elephant trunk-slaps you.
* * * LOW HITPOINT WARNING * * *
You hit the dire elephant but do no damage.
You headbutt the dire elephant!!
The dire elephant is moderately wounded.
You hit the dire elephant but do no damage.
You headbutt the dire elephant!!
The dire elephant is heavily wounded.
The dire elephant tramples you!!
You die...

## .## [[## # ...# ####
''############### ############.#.
../.8##.≈≈##)../###...##.......8.
.....'..≈≈≈'†...@#.....'.....#.#.
###.8#.≈≈≈≈'...Y.#.....#..####...
..####.≈≈≈≈#....##.....####....#'
#....#≈≈≈≈.#######(....#....####.
####.###≈.###8.8###..###.#### #.
♣###..P#####8.⌠.8#####...##♣♣♣##P
...###.................###....♣##
....♣########+++########♣.......♣
....................♣............


You could see a dire elephant.

Vanquished Creatures
  3 dire elephants (Lair:6)
  A minotaur (Lab)
  Josephine (Lair:5)
  6 hydras
  An anaconda (Lair:6)
  A fire crab (Lair:5)
  A hill giant (D:7)
  Pikel (D:7)
  An oklob plant (Lair:3)
  2 cyclopes (D:11)
  4 ugly things
  Maurice (D:8)
  18 elephants
  4 black mambas (Lair:6)
  A gargoyle (D:12)
  A torpor snail (Lair:6)
  3 ice statues (IceCv)
  14 spiny frogs
  2 ice devils (Lair:3)
  7 komodo dragons
  6 polar bears
  2 trolls (D:10)
  A two-headed ogre (D:10)
  3 hornets
  4 hippogriffs
  A minotaur skeleton (Lab)
  2 dream sheep (D:8)
  13 blink frogs
  45 yaks
  2 wyverns
  3 basilisks
  A hungry ghost (D:10)
  4 wraiths (Lair:5)
  10 water moccasins
  3 porcupines
  11 orc warriors
  11 ice beasts
  6 black bears
  9 ogres
  The ghost of tempest the Skirmisher, an amateur MiFi (D:3)
  2 phantoms
  A necrophage (D:11)
  4 wolves
  10 centaurs
  13 crocodiles
  4 big kobolds
  19 bullfrogs
  A gnoll sergeant (D:7)
  2 wyvern skeletons (D:8)
  6 scorpions
  9 killer bees
  14 wights
  2 electric eels (Lair:1)
  3 howler monkeys
  A centaur zombie (D:6)
  2 quasits
  4 crimson imps
  4 hounds
  7 orc priests
  4 jellies
  2 bullfrog skeletons
  2 centaur skeletons
  6 hell rats
  2 iguanas
  11 orc wizards
  9 worker ants
  An ogre skeleton (Lab)
  2 hound skeletons
  8 mummies (Ossuary)
  3 worker ant zombies
  18 adders
  4 gnolls
  3 shadow imps
  An ooze (D:2)
  2 adder skeletons
  8 worms
  A dart slug (D:4)
  6 leopard geckos
  74 orcs
  10 giant cockroaches
  3 gnoll zombies (Ossuary)
  12 goblins
  11 hobgoblins
  11 jackals
  15 kobolds
  13 quokkas
  2 ball pythons
  6 bats
  2 frilled lizards
  A jackal skeleton (D:4)
  3 kobold zombies (Ossuary)
  2 orc zombies (Ossuary)
  A quokka skeleton (D:5)
  7 rats
  A bush (Lair:3)
  A fungus (Lair:6)
  7 plants
594 creatures vanquished.

Vanquished Creatures (others)
  4 slaves (D:7)
  A killer bee (D:7)
  A centaur zombie (D:7)
  A gnoll (D:7)
  5 orcs (D:7)
  20 fungi
  19 plants
51 creatures vanquished.

Grand Total: 645 creatures vanquished

Notes
Turn   | Place    | Note
-------+----------+-------------------------------------------
     0 | D:1      | Grim the Minotaur Berserker began the quest for the Orb.
     0 | D:1      | Reached XP level 1. HP: 19/19 MP: 0/0
    71 | D:1      | Reached XP level 2. HP: 24/26 MP: 1/1
   371 | D:1      | Reached skill level 5 in Polearms
   529 | D:1      | Reached ** piety under Trog
   552 | D:1      | Reached XP level 3. HP: 10/31 MP: 2/2
  1344 | D:2      | Found an opulent altar of Gozag.
  1363 | D:2      | Reached XP level 4. HP: 39/39 MP: 3/3
  1882 | D:2      | Reached skill level 1 in Evocations
  1886 | D:2      | Found a basalt altar of Yredelemnul.
  1947 | D:2      | Reached *** piety under Trog
  2208 | D:3      | Noticed tempest's ghost (amateur MiFi)
  2231 | D:3      | Killed tempest's ghost
  2231 | D:3      | Reached XP level 5. HP: 45/45 MP: 5/5
  2291 | D:3      | Reached XP level 6. HP: 29/51 MP: 5/7
  2425 | D:3      | Found a shattered altar of Ashenzari.
  2710 | D:3      | Found a deep blue altar of Sif Muna.
  2938 | D:4      | Found a staircase to the Ecumenical Temple.
  2974 | D:4      | Found a sacrificial altar of Ru.
  3374 | D:4      | Reached XP level 7. HP: 48/57 MP: 9/9
  3682 | D:4      | Noticed a hippogriff
  3697 | D:4      | Killed a hippogriff
  3697 | D:4      | Reached skill level 5 in Evocations
  4245 | D:5      | Entered Level 5 of the Dungeon
  4589 | D:5      | Reached **** piety under Trog
  4589 | D:5      | Reached XP level 8. HP: 57/64 MP: 11/11
  4759 | D:5      | Found a sand-covered staircase.
  4764 | Ossuary  | Entered an ossuary
  5649 | D:5      | Found a glowing silver altar of Zin.
  5650 | D:5      | Found an opulent altar of Gozag.
  6592 | D:6      | Reached skill level 10 in Polearms
  6699 | D:6      | Reached XP level 9. HP: 33/70 MP: 13/13
  7461 | D:6      | Reached ***** piety under Trog
  7838 | D:6      | Found a faded altar of an unknown god.
  7838 | D:6      | Found a white marble altar of Elyvilon.
  7848 | D:6      | Found a faded altar of an unknown god.
  7850 | D:6      | Found a faded altar of an unknown god.
  7852 | D:6      | Found a faded altar of an unknown god.
  7923 | D:7      | Noticed Pikel
  7967 | D:7      | Killed Pikel
  8730 | D:7      | Noticed a hill giant
  8746 | D:7      | Killed a hill giant
  8746 | D:7      | Reached XP level 10. HP: 77/77 MP: 15/15
  8820 | D:7      | Received a gift from Trog
  9817 | D:8      | Noticed Maurice
  9839 | D:8      | Killed Maurice
  9841 | D:8      | Received a gift from Trog
 10138 | D:8      | Noticed a three-headed hydra
 10146 | D:8      | Killed a three-headed hydra
 10318 | D:8      | Found a staircase to the Lair.
 10610 | D:8      | Reached skill level 10 in Evocations
 10804 | D:8      | Reached skill level 5 in Fighting
 10863 | D:8      | Reached XP level 11. HP: 67/88 MP: 17/17
 11139 | D:8      | Found a snail-covered altar of Cheibriados.
 11381 | D:9      | Found a staircase to the Orcish Mines.
 11707 | D:9      | Received a gift from Trog
 12288 | D:9      | Found a hide-covered altar of Uskayaw.
 12288 | D:9      | Found a glowing golden altar of the Shining One.
 12335 | D:9      | Found Gozag's Platinum Reserve.
 12337 | D:9      | Found an opulent altar of Gozag.
 12636 | D:9      | Found a shadowy altar of Dithmenos.
 12815 | D:10     | Entered Level 10 of the Dungeon
 13470 | D:10     | Received a gift from Trog
 14470 | D:10     | Reached skill level 10 in Fighting
 14777 | D:11     | Noticed a purple ugly thing
 14785 | D:11     | Killed a purple ugly thing
 15175 | D:11     | Paralysed by a hornet for 3 turns
 15189 | D:11     | Reached XP level 12. HP: 105/108 MP: 19/19
 15456 | D:12     | Got a wizard robe
 15467 | D:12     | Identified the +3 robe of Pefutese {MR+ Int+9 Dex-3} (You found it on level 12 of the Dungeon)
 15488 | D:12     | Noticed an eight-headed hydra
 15501 | D:12     | Killed a 12-headed hydra
 16079 | Lair:1   | Entered Level 1 of the Lair of Beasts
 16735 | Lair:1   | Noticed a five-headed hydra
 16745 | Lair:1   | Killed an eight-headed hydra
 17524 | Lair:2   | Found a labyrinth entrance.
 17537 | Lab      | Entered a labyrinth
 18747 | Lab      | Noticed a minotaur
 18757 | Lab      | Killed a minotaur
 19004 | Lab      | Got a pair of smoking gloves
 19010 | Lab      | Identified the +0 pair of gloves "Lenext" {*Drain +Inv rF+++ rC+} (You found it in a labyrinth)
 19187 | Lair:2   | Found a staircase to the Shoals.
 19550 | Lair:3   | Found a frozen archway.
 19574 | IceCv    | Entered an ice cave
 19857 | IceCv    | Received a gift from Trog
 20328 | Lair:3   | Noticed an eight-headed hydra
 20336 | Lair:3   | Killed a 12-headed hydra
 20463 | Lair:3   | Reached XP level 13. HP: 116/124 MP: 21/21
 21345 | Lair:4   | Reached skill level 5 in Dodging
 21968 | Lair:4   | Found a hole to the Spider Nest.
 22950 | Lair:5   | Received a gift from Trog
 22956 | Lair:5   | Noticed Josephine
 22970 | Lair:5   | Killed Josephine
 23727 | Lair:6   | Entered Level 6 of the Lair of Beasts
 24024 | Lair:6   | Reached skill level 10 in Dodging
 24284 | Lair:6   | Found a staircase to the Slime Pits.
 24285 | Lair:6   | Found a viscous altar of Jiyva.
 24317 | Lair:6   | Reached XP level 14. HP: 132/132 MP: 23/23
 26015 | Lair:6   | Received a gift from Trog
 26096 | Lair:6   | HP: 4/198 [dire elephant (6)]
 26098 | Lair:6   | Demolished by a dire elephant

Vault maps used:
D:1:      ncdulo_lavacross
D:2:      wad_woods_stonehenge, lemuel_doored_altar
D:3:      minmay_wonky_spiral, nicolae_ashenzari_panopticon,
          grunt_ministairs_11, led_sif_pool
D:4:      nicolae_overflow_hidden_temple, first_bread
D:5:      grunt_temple_overflow_gold_and_silver, enter_ossuary_2
D:6:      chequers_temple_overflow_minitemple, st_stairs_10
D:7:      uniq_pikel
D:8:      lemuel_crystal_altar, david_lair_shrubbed, hangedman_ranch,
          st_stairs_13, uniq_maurice
D:9:      lemuel_coloured_pillars_altar, gammafunk_temple_overflow_elements,
          david_orc_2, nicolae_gozag_zags_fifth_avenue
D:10:     lightli_fourway_metalbox
D:11:     minmay_statues_item
D:12:     uniq_fannar
Lair:1:   beast_lair_carwin_large_1, minivault_24, minivault_11,
          nicolae_quartered_pool_medium, minivault_25
Lair:2:   statuecave_lemuel, minmay_shoals_entry_centaurs, lab_entry_generic,
          minivault_27
Lair:3:   minmay_lair_oklob_items, portal_ice_cave_demonic_guard
Lair:4:   nicolae_spider_entry_non_spiders
Lair:5:   uniq_josephine
Lair:6:   due_jungle_book, slime_altar_1
Lab:      labyrinth_spiral, labyrinth_skeletal_remains, lab_statue
Ossuary:  ossuary_tomb_3
IceCv:    ice_cave_statue_garden_chambered

Skill      XL: |  1  2  3  4  5  6  7  8  9 10 11 12 13 14 |
---------------+-------------------------------------------+-----
Polearms       | 4 5 6 7 8 10 12 14 | 14.6
Evocations     | 2 3 4 6 7 9 10 11 12 13 | 13.7
Fighting       | 5 10 14 | 14.1
Dodging        | 3 10 12 | 12.1
Armour         | |  2.4

Action                   |  1- 3 |  4- 6 |  7- 9 | 10-12 | 13-15 || total
-------------------------+-------+-------+-------+-------+-------++-------
Melee: Spear             |   133 |   223 |   395 |       |       ||   751
       Headbutt          |    20 |    43 |   117 |   169 |   123 ||   472
       Trident           |       |       |   158 |   281 |       ||   439
       Halberd           |       |       |       |   497 |   498 ||   995
       Glaive            |       |       |       |    33 |       ||    33
       Bardiche          |       |       |       |    22 |       ||    22
Invok: Berserk           |       |     2 |     3 |     6 |     7 ||    18
       Trog's Hand       |       |       |     1 |     2 |     3 ||     6
       Burn Spellbooks   |       |       |       |     4 |       ||     4
Evoke: Wand              |       |       |       |       |     7 ||     7
  Use: Scroll            |       |       |     6 |    18 |     7 ||    31
 Stab: Sleeping          |     2 |     4 |       |       |       ||     6
       Distracted        |     1 |     1 |       |     1 |       ||     3
  Eat: Chunk             |     2 |     8 |    14 |    22 |    11 ||    57
       Meat ration       |       |       |     1 |     1 |     2 ||     4
       Bread ration      |       |       |       |     4 |     1 ||     5
       Pizza             |       |       |       |     1 |     1 ||     2
Armor: Animal skin       |    19 |    19 |       |       |       ||    38
       Leather armour    |       |    19 |       |       |       ||    19
       Plate armour      |       |       |   202 |   364 |       ||   566
       Crystal plate arm |       |       |       |    14 |   342 ||   356
Dodge: Dodged            |    38 |    95 |    93 |   187 |   150 ||   563
